Workbook

Sheet 1. START HERE Event Fact Sheet
A1: Gulf Stream Council Event Fact Sheet
A2: Name of the Event
A3: Dates of the Event | C3: To
A4: Location of the Event | B4: Tanah Keeta
A5: Time | C5: To
A7: Type of Event | B7: District | C7: If Other, explain
A8: Program Level | B8: Cub Scout | C8: If Other, explain
A10: Coordinator Name
A11: Coordinator Email
A12: Coordinator Phone
A14: Program Director Name
A15: Program Director Email
A16: Program Director Phone
A18: Description of your event (to be used on the event webpage)
A29: Other Details (any other details you would like participants to be aware of)
A41: Health Officer*
A42: Kitchen Manager
A43: Event Logistics Chair*
A44: Aquatics Supervisor
... A51: Revised: March 2026

Sheet 2. Tanah Keeta Facility Request
A1: Event Facilities Request: Tanah Keeta Scout Reservation
A2: Use this form to request facilities. Note that facility reservations are made when your workbook is approved. If your workbook is not received before unit reservations are enabled, your reservation will be based on the previous year's.
A4: Dates of Event | B4: ='1. START HERE Event Fact Sheet'!B3 -> 0 | C4: to | D4: ='1. START HERE Event Fact Sheet'!D3 -> 0
A5: Name of Event: | B5: ='1. START HERE Event Fact Sheet'!B2 -> 0
A6: Person Requesting: | B6: Ashley Vyselaar
A7: Email: | B7: avyselaar@gmail.com
A8: Phone Number: | B8: 561-506-1591
A9: District: | B9: Lighthouse
A10: Type of Event (Boy Scout, Cub Scout, Training etc.) | D10: Cub Scout
B12: Low | C12: Optimum | D12: High
A13: Participants | B13: 200 | C13: 400 | D13: 600
A14: Staff | B14: 10 | C14: 15 | D14: 20
A16: Notes:
A19: FACILITY FEES (FIXED RATE) | F19: LOW | G19: OPTIMUM | H19: HIGH
A20: sheet will automatically populate corresponding budget lines | E20: In-Council | F20: Facilities | G20: Facilities | H20: Facilities
A21: Buildings: (Enter the # of days. Weekend events require 2 days) | E21: Rates | F21: Total | G21: Total | H21: Total
A22: Lassiter - Per Day | E22: 150 | F22: =+B22*E22 -> 0 | G22: =+B22*E22 -> 0 | H22: =+B22*E22 -> 0
A23: Scoutmaster Lounge - Per Day | E23: 20 | F23: =+B23*E23 -> 0 | G23: =+B23*E23 -> 0 | H23: =+B23*E23 -> 0
A24: Camp Office - Per Day | E24: 15 | F24: =+B24*E24 -> 0 | G24: =+B24*E24 -> 0 | H24: =+B24*E24 -> 0
A25: Health Lodge - Per Day | E25: 75 | F25: =+B25*E25 -> 0 | G25: =+B25*E25 -> 0 | H25: =+B25*E25 -> 0
A26: Kitchen - Per Day | E26: 60 | F26: =+B26*E26 -> 0 | G26: =+B26*E26 -> 0 | H26: =+B26*E26 -> 0
A27: Dining Hall - Per Day | E27: 90 | F27: =+B27*E27 -> 0 | G27: =+B27*E27 -> 0 | H27: =+B27*E27 -> 0
A28: Dorms (put in amount up to 12 - per day) | E28: 25 | F28: =+B28*E28 -> 0 | G28: =+B28*E28 -> 0 | H28: =+B28*E28 -> 0
A29: Cabins (put in number up to 6 - per day) | E29: 50 | F29: =+B29*E29 -> 0 | G29: =+B29*E29 -> 0 | H29: =+B29*E29 -> 0
A30: Program Cabin - per day | E30: 50 | F30: =+B30*E30 -> 0 | G30: =+B30*E30 -> 0 | H30: =+B30*E30 -> 0
A31: Campmaster Cabin - per day (summer only) | E31: 60 | F31: =+B31*E31 -> 0 | G31: =+B31*E31 -> 0 | H31: =+B31*E31 -> 0
A32: Chapel | E32: 0 | F32: =+B32*E32 -> 0 | G32: =+B32*E32 -> 0 | H32: =+B32*E32 -> 0
A33: Fort Blanchard Ampitheater | E33: 0 | F33: =+B33*E33 -> 0 | G33: =+B33*E33 -> 0 | H33: =+B33*E33 -> 0
... A41: Welcome Pavilion | E41: 0 | F41: =+B41*E41 -> 0 | G41: =+B41*E41 -> 0 | H41: =+B41*E41 -> 0
A43: TOTAL FACILITY FEES | F43: =SUM(F22:F42) -> 0 | G43: =SUM(G22:G42) -> 0 | H43: =SUM(H22:H42) -> 0
A45: USE FEES (PER PERSON)
A46: sheet will automatically populate corresponding budget lines | F46: LOW | G46: OPTIMUM | H46: HIGH
A47: Campsites - Enter Number of OVERNIGHT campers. Numbers = Max/Min | E47: In-Council | F47: Facilities | G47: Facilities | H47: Facilities
A48: Campsites have a $150 Minimum | B48: Low | C48: Optimum | D48: High | E48: Rates | F48: Total | G48: Total | H48: Total
A49: Ais - 40/4 | E49: 15 | F49: =(B49)*E49 -> 0 | G49: =(C49)*E49 -> 0 | H49: =(D49)*E49 -> 0
A50: Apalachee - 40/4 | E50: 15 | F50: =(B50)*E50 -> 0 | G50: =(C50)*E50 -> 0 | H50: =(D50)*E50 -> 0
A51: Calusa - 60/4 | E51: 15 | F51: =(B51)*E51 -> 0 | G51: =(C51)*E51 -> 0 | H51: =(D51)*E51 -> 0
A52: Jaega - 60/4 | E52: 15 | F52: =(B52)*E52 -> 0 | G52: =(C52)*E52 -> 0 | H52: =(D52)*E52 -> 0
A53: Maiyami - 40/4 | E53: 15 | F53: =(B53)*E53 -> 0 | G53: =(C53)*E53 -> 0 | H53: =(D53)*E53 -> 0
A54: Mayaca - 50/4 | E54: 15 | F54: =(B54)*E54 -> 0 | G54: =(C54)*E54 -> 0 | H54: =(D54)*E54 -> 0
A55: Miccosukee - 50/4 | E55: 15 | F55: =(B55)*E55 -> 0 | G55: =(C55)*E55 -> 0 | H55: =(D55)*E55 -> 0
A56: Seminole - 60/4 | E56: 15 | F56: =(B56)*E56 -> 0 | G56: =(C56)*E56 -> 0 | H56: =(D56)*E56 -> 0
A57: Surruque - 40/4 | E57: 15 | F57: =(B57)*E57 -> 0 | G57: =(C57)*E57 -> 0 | H57: =(D57)*E57 -> 0
A58: Tequesta - 65/4 | E58: 15 | F58: =(B58)*E58 -> 0 | G58: =(C58)*E58 -> 0 | H58: =(D58)*E58 -> 0
A59: Timucua - 65/4 | E59: 15 | F59: =(B59)*E59 -> 0 | G59: =(C59)*E59 -> 0 | H59: =(D59)*E59 -> 0
A60: Tocobaga - 40/4 | E60: 15 | F60: =(B60)*E60 -> 0 | G60: =(C60)*E60 -> 0 | H60: =(D60)*E60 -> 0
... A63: Weekly Camping (4-7 days) just enter total | E63: 25 | F63: =(B63)*E63 -> 0 | G63: =(C63)*E63 -> 0 | H63: =(D63)*E63 -> 0
A65: Enter Number of DAY campers. | B65: Low | C65: Optimum | D65: High
A66: DAY USE FEES | E66: 8 | F66: =B66*E66 -> 0 | G66: =C66*E66 -> 0 | H66: =D66*E66 -> 0
A68: COPE / Climbing - qualified personnel required - enter number of participants (per person, per day)
B69: Low | C69: Optimum | D69: High
A70: Hi COPE (Mi $150, capped at $500) | E70: 25 | F70: =IF((B70*E70)>500,500,(B70)*E70) -> 0 | G70: =IF(((C70)*E70)>500,500,(C70)*E70) -> 0 | H70: =IF(((D70)*E70)>500,500,(D70)*E70) -> 0
A71: Lo COPE (Mi $150, capped at $500) | E71: 15 | F71: =IF(((B71)*E71)>500,500,(B71)*E71) -> 0 | G71: =IF(((C71)*E71)>500,500,(C71)*E71) -> 0 | H71: =IF(((D71)*E71)>500,500,(D71)*E71) -> 0
A72: Climbing (Mi $150, capped at $500) | E72: 25 | F72: =IF(((B72)*E72)>500,500,(B72)*E72) -> 0 | G72: =IF(((C72)*E72)>500,500,(C72)*E72) -> 0 | H72: =IF(((D72)*E72)>500,500,(D72)*E72) -> 0
A74: Pool - Enter number of swimmers
B75: Low | C75: Optimum | D75: High
A76: Pool | E76: 5 | F76: =+B76*E76 -> 0 | G76: =+C76*E76 -> 0 | H76: =+D76*E76 -> 0
A78: Canoes (16 available) enter quantity of canoes - full weekend is just a full day rate
A79: AM | E79: 7 | F79: =+B79*E79 -> 0 | G79: =+B79*E79 -> 0 | H79: =+B79*E79 -> 0
A80: PM | E80: 7 | F80: =+B80*E80 -> 0 | G80: =+B80*E80 -> 0 | H80: =+B80*E80 -> 0
A81: Full Day | E81: 15 | F81: =+B81*E81 -> 0 | G81: =+B81*E81 -> 0 | H81: =+B81*E81 -> 0
A82: Canoe Rack (max 1, holds 8 canoes) | E82: 80 | F82: =+B82*E82 -> 0 | G82: =+B82*E82 -> 0 | H82: =+B82*E82 -> 0
A84: Shooting - qualified certifications required | D84: $5 PP - $50 Minimum, 80 person max per day $320 max
B85: Low | C85: Optimum | D85: High
A86: Archery range | E86: 5 | F86: =IF((B86*E86)>240,240,(B86)*E86) -> 0 | G86: =IF((C86*E86)>240,240,(C86)*E86) -> 0 | H86: =IF((D86*E86)>240,240,(D86)*E86) -> 0
A87: BB range | E87: 5 | F87: =IF((B87*E87)>240,240,(B87)*E87) -> 0 | G87: =IF((C87*E87)>240,240,(C87)*E87) -> 0 | H87: =IF((D87*E87)>240,240,(D87)*E87) -> 0
A88: Rifle (plus 20 cents per round) | E88: 5 | F88: =IF((B88*E88)>240,240,(B88)*E88) -> 0 | G88: =IF((C88*E88)>240,240,(C88)*E88) -> 0 | H88: =IF((D88*E88)>240,240,(D88)*E88) -> 0
A89: Shotgun (plus 75 cents per round) | E89: 5 | F89: =IF((B89*E89)>240,240,(B89)*E89) -> 0 | G89: =IF((C89*E89)>240,240,(C89)*E89) -> 0 | H89: =IF((D89*E89)>240,240,(D89)*E89) -> 0
F91: LOW | G91: OPTIMUM | H91: HIGH
A92: TOTAL USE FEES | F92: =SUM(F49:F89) -> 0 | G92: =SUM(G49:G89) -> 0 | H92: =SUM(H49:H89) -> 0
A93: TOTAL FACILITY FEES (COUNCIL PROPERTY) | F93: =SUM(F43) -> 0 | G93: =SUM(G43) -> 0 | H93: =SUM(H43) -> 0
A94: TOTAL CAMP FEES | F94: =SUM(F92:F93) -> 0 | G94: =SUM(G92:G93) -> 0 | H94: =SUM(H92:H93) -> 0
A95: sheet will automatically populate corresponding budget lines
A97: Revised: December 2022

Sheet 2. Oklawaha Facilities Request
A1: Event Facilities Request: Camp Oklawaha
A2: Use this form to request facilities. Note that facility reservations are made when your workbook is approved. If your workbook is not received before unit reservations are enabled, your reservation will be based on the previous year's.
A4: Dates of Event | B4: ='1. START HERE Event Fact Sheet'!B3 -> 0 | C4: to | D4: ='1. START HERE Event Fact Sheet'!D3 -> 0
A5: Name of Event: | B5: ='1. START HERE Event Fact Sheet'!B2 -> 0
A6: Person Requesting:
A7: Email:
A8: Phone Number:
A9: District:
A10: Type of Event (Boy Scout, Cub Scout, Training etc.)
B12: Low | C12: Optimum | D12: High
A13: Participants
A14: Staff
A16: Notes:
A19: FACILITY FEES (FIXED RATE) | F19: LOW | G19: OPTIMUM | H19: HIGH
A20: sheet will automatically populate corresponding budget lines | E20: In-Council | F20: Facilities | G20: Facilities | H20: Facilities
A21: Buildings: (enter 1 for requested facilities) | E21: Rates | F21: Total | G21: Total | H21: Total
A22: Pavillion - Saturday Only | E22: 40 | F22: =+B22*E22 -> 0 | G22: =+B22*E22 -> 0 | H22: =+B22*E22 -> 0
A23: Pavillion - All Weekend | E23: 60 | F23: =+B23*E23 -> 0 | G23: =+B23*E23 -> 0 | H23: =+B23*E23 -> 0
A24: Ampitheater | E24: 0 | F24: =+B24*E24 -> 0 | G24: =+B24*E24 -> 0 | H24: =+B24*E24 -> 0
A25: Chapel | E25: 0 | F25: =+B25*E25 -> 0 | G25: =+B25*E25 -> 0 | H25: =+B25*E25 -> 0
A26: Waterfront Pavilion | E26: 0 | F26: =+B26*E26 -> 0 | G26: =+B26*E26 -> 0 | H26: =+B26*E26 -> 0
A27: Welcome Shelter | E27: 0 | F27: =+B27*E27 -> 0 | G27: =+B27*E27 -> 0 | H27: =+B27*E27 -> 0
A29: TOTAL FACILITY FEES | F29: =SUM(F22:F28) -> 0 | G29: =SUM(G22:G28) -> 0 | H29: =SUM(H22:H28) -> 0
A31: USE FEES (PER PERSON)
A32: sheet will automatically populate corresponding budget lines | F32: LOW | G32: OPTIMUM | H32: HIGH
A33: Campsites - Enter Number of OVERNIGHT campers. Numbers = Max/Min | E33: In-Council | F33: Facilities | G33: Facilities | H33: Facilities
A34: Campsites have a $150 Minimum | B34: Low | C34: Optimum | D34: High | E34: Rates | F34: Total | G34: Total | H34: Total
A35: Cherokee - 40/4 | E35: 15 | F35: =(B35)*E35 -> 0 | G35: =(C35)*E35 -> 0 | H35: =(D35)*E35 -> 0
A36: Chicksaw - 60/4 | E36: 15 | F36: =(B36)*E36 -> 0 | G36: =(C36)*E36 -> 0 | H36: =(D36)*E36 -> 0
A37: Choctaw - 40/4 | E37: 15 | F37: =(B37)*E37 -> 0 | G37: =(C37)*E37 -> 0 | H37: =(D37)*E37 -> 0
A38: Eastern Apache - 20/4 | E38: 15 | F38: =(B38)*E38 -> 0 | G38: =(C38)*E38 -> 0 | H38: =(D38)*E38 -> 0
A39: Erie - 60/4 | E39: 15 | F39: =(B39)*E39 -> 0 | G39: =(C39)*E39 -> 0 | H39: =(D39)*E39 -> 0
A40: Illini - 40/4 | E40: 15 | F40: =(B40)*E40 -> 0 | G40: =(C40)*E40 -> 0 | H40: =(D40)*E40 -> 0
A41: Kiowa - 30/4 | E41: 15 | F41: =(B41)*E41 -> 0 | G41: =(C41)*E41 -> 0 | H41: =(D41)*E41 -> 0
A42: Navajo - 30/4 | E42: 15 | F42: =(B42)*E42 -> 0 | G42: =(C42)*E42 -> 0 | H42: =(D42)*E42 -> 0
A43: Ojibwa - 60/4 | E43: 15 | F43: =(B43)*E43 -> 0 | G43: =(C43)*E43 -> 0 | H43: =(D43)*E43 -> 0
A44: Paiute 1 - 30/4 | E44: 15 | F44: =(B44)*E44 -> 0 | G44: =(C44)*E44 -> 0 | H44: =(D44)*E44 -> 0
A45: Paiute 2 - 20/4 | E45: 15 | F45: =(B45)*E45 -> 0 | G45: =(C45)*E45 -> 0 | H45: =(D45)*E45 -> 0
A46: Pawnee - 60/4 | E46: 15 | F46: =(B46)*E46 -> 0 | G46: =(C46)*E46 -> 0 | H46: =(D46)*E46 -> 0
... A49: Western Apache - 20/4 | E49: 15 | F49: =(B49)*E49 -> 0 | G49: =(C49)*E49 -> 0 | H49: =(D49)*E49 -> 0
A51: Enter Number of DAY campers. | B51: Low | C51: Optimum | D51: High
A52: DAY USE FEES | E52: 8 | F52: =B52*E52 -> 0 | G52: =C52*E52 -> 0 | H52: =D52*E52 -> 0
A54: Canoes (16 available) enter quantity of canoes - full weekend is just a full day rate
A55: AM | E55: 7 | F55: =+B55*E55 -> 0 | G55: =+B55*E55 -> 0 | H55: =+B55*E55 -> 0
A56: PM | E56: 7 | F56: =+B56*E56 -> 0 | G56: =+B56*E56 -> 0 | H56: =+B56*E56 -> 0
A57: Full Day | E57: 15 | F57: =+B57*E57 -> 0 | G57: =+B57*E57 -> 0 | H57: =+B57*E57 -> 0
A59: Shooting - qualified certifications required | D59: $3 PP - $50 Minimum, 80 person max per day $240 max
B60: Low | C60: Optimum | D60: High
A61: Archery Range | E61: 5 | F61: =IF((B61*E61)>240,240,(B61)*E61) -> 0 | G61: =IF((C61*E61)>240,240,(C61)*E61) -> 0 | H61: =IF((D61*E61)>240,240,(D61)*E61) -> 0
A62: BB Range | E62: 5 | F62: =IF((B62*E62)>240,240,(B62)*E62) -> 0 | G62: =IF((C62*E62)>240,240,(C62)*E62) -> 0 | H62: =IF((D62*E62)>240,240,(D62)*E62) -> 0
F64: LOW | G64: OPTIMUM | H64: HIGH
A65: TOTAL USE FEES | F65: =SUM(F35:F62) -> 0 | G65: =SUM(G35:G62) -> 0 | H65: =SUM(H35:H62) -> 0
A66: TOTAL FACILITY FEES (COUNCIL PROPERTY) | F66: =SUM(F29) -> 0 | G66: =SUM(G29) -> 0 | H66: =SUM(H29) -> 0
A67: TOTAL CAMP FEES | F67: =SUM(F65:F66) -> 0 | G67: =SUM(G65:G66) -> 0 | H67: =SUM(H65:H66) -> 0
A68: sheet will automatically populate corresponding budget lines
A70: Revised: March 2026

Sheet 3. Event Budget
A1: Actual Numbers | E1: ='1. START HERE Event Fact Sheet'!B2 -> 0 | H1: Ashley Vyselaar
E2: =('1. START HERE Event Fact Sheet'!B3) -> 0 | H2: Volunteer Event Director
E3: Budget Worksheet | H3: Candy Castrillo
H4: Professional Advisor
I7: Quantity
E8: Council Number - 085 | I8: Low | J8: Optimum | K8: High
G9: Number Participants
A10: Name | B10: PO/Rect | C10: Estimated Amount | D10: Actual Amount | E10: Activity/Event: | G10: staff
E11: Income | G11: Council Cost Code | H11: Unit Price | L11: Adjust percentages below based upon previous history of your event. Total MUST add up to 100%.
E12: Participant Fees | G12: 6801 | I12: =$I$9*(H12*L12) -> 0 | J12: =$J$9*(H12*L12) -> 0 | K12: =$K$9*(H12*L12) -> 0 | L12: 0.25 | M12: will pay full rate
E13: Early Bird Participant Fee | G13: 6801 | I13: =$I$9*(H13*L13) -> 0 | J13: =$J$9*(H13*L13) -> 0 | K13: =$K$9*(H13*L13) -> 0 | L13: 0.35 | M13: will pay EB rate
E14: Late Participant Fee | G14: 6801 | I14: =$I$9*(H14*L14) -> 0 | J14: =$J$9*(H14*L14) -> 0 | K14: =$K$9*(H14*L14) -> 0 | L14: 0.25 | M14: will pay the late rate
E15: Day Participant Fees | G15: 6801 | I15: =$I$9*(H15*L15) -> 0 | J15: =$J$9*(H15*L15) -> 0 | K15: =$K$9*(H15*L15) -> 0 | L15: 0.05 | M15: will pay full rate
E16: Day Early Bird Participant Fee | G16: 6801 | I16: =$I$9*(H16*L16) -> 0 | J16: =$J$9*(H16*L16) -> 0 | K16: =$K$9*(H16*L16) -> 0 | L16: 0.05 | M16: will pay EB rate
E17: Day Late Participant Fee | G17: 6801 | I17: =$I$9*(H17*L17) -> 0 | J17: =$J$9*(H17*L17) -> 0 | K17: =$K$9*(H17*L17) -> 0 | L17: 0.05 | M17: will pay the late rate
E18: Staff Fee | G18: 6801 | I18: =$H$18*I10 -> 0 | J18: =$H$18*J10 -> 0 | K18: =$H$18*K10 -> 0 | L18: =SUM(L12:L17) -> 1
E19: Sibling Fee | G19: 6801
E20: Spectator Fee | G20: 6801
E21: Additional Training Fees | G21: 6801
E22: Additional Program Fees | G22: 6801
E23: Income From Sale of Meals | G23: 6803
E24: Additional T-shirt Income | G24: 6831 | I24: =H24*L24*I35 -> 0 | J24: =J35*H24*L24 -> 0 | K24: =(K35*H24)*L24 -> 0 | L24: 0.5 | M24: of the attendees will buy an extra shirt
E25: Additional Patch Income | G25: 6831
E26: Scholarship Fund Donation | G26: 6831
E27: Sponsorships | G27: 4501
E28: Cash Donations | G28: 4501
E29: In-Kind Donations | G29: 4501
E30: Total Income | I30: =SUM(I12:I29) -> 0 | J30: =SUM(J12:J29) -> 0 | K30: =SUM(K12:K29) -> 0
F32: Participation
F33: Total Participants | I33: =SUM(I9) -> 0 | J33: =SUM(J9) -> 0 | K33: =SUM(K9) -> 0
F34: Total Staff | I34: =SUM(I10) -> 0 | J34: =SUM(J10) -> 0 | K34: =SUM(K10) -> 0
F35: Total Participation | I35: =SUM(I33:I34) -> 0 | J35: =SUM(J33:J34) -> 0 | K35: =SUM(K33:K34) -> 0
E37: Expenses
E38: Tentaroo Fees | G38: 8009 | H38: 2 | L38: Use $2.00 per person for events that cost over $100 pp
E39: Tentaroo Fees | G39: 8009 | H39: 0.02 | I39: =I30*$H39 -> 0 | J39: =J30*$H39 -> 0 | K39: =K30*$H39 -> 0 | L39: For all other events use 2.5% of registration fees
E40: Credit Card Processing Fees | G40: 8009 | H40: 0.035 | I40: =I30*$H40 -> 0 | J40: =J30*$H40 -> 0 | K40: =K30*$H40 -> 0
E41: Total Location Fees (Processing Fees) | I41: =SUM(I38:I40) -> 0 | J41: =SUM(J38:J40) -> 0 | K41: =SUM(K38:K40) -> 0
E43: Location Fees (Council Property) | G43: taken from Facility Request Form (sheet 2)
E44: Use Fees (from facilities request form, ratio to #'s) | G44: 6701 | I44: ='2. Tanah Keeta Facility Request'!F92+'2. Oklawaha Facilities Request'!F65 -> 0 | J44: ='2. Tanah Keeta Facility Request'!G92+'2. Oklawaha Facilities Request'!G65 -> 0 | K44: ='2. Tanah Keeta Facility Request'!H92+'2. Oklawaha Facilities Request'!H65 -> 0
E45: Facility Fees (total: from facilities request form): | G45: 6702 | I45: ='2. Tanah Keeta Facility Request'!F93+'2. Oklawaha Facilities Request'!F66 -> 0 | J45: ='2. Tanah Keeta Facility Request'!G93+'2. Oklawaha Facilities Request'!G66 -> 0 | K45: ='2. Tanah Keeta Facility Request'!H93+'2. Oklawaha Facilities Request'!H66 -> 0
E46: Total Location Fees (Council Property) | I46: =SUM(I44:I45) -> 0 | J46: =SUM(J44:J45) -> 0 | K46: =SUM(K44:K45) -> 0
E48: Location Fees (Non-Council Property) - 8402
E49: Property rental/ site fees | G49: 8402
E50: Deposit | G50: 8402
E51: Total Location Fees (Non-Council Property) | I51: =SUM(I49:I50) -> 0 | J51: =SUM(J49:J50) -> 0 | K51: =SUM(K49:K50) -> 0
E53: Equipment Rental - 8501
E54: Food Service Equipment Rentals | G54: 8501
E55: Inflatable Rentals | G55: 8501
E56: Storage Rentals | G56: 8501
E57: Radio Rentals | G57: 8501
E58: Vehicle Rentals | G58: 8701
E59: Audio / Video equipment | G59: 8501
E60: Total Equipment Rental | I60: =SUM(I59) -> 0 | J60: =SUM(J54:J59) -> 0 | K60: =SUM(K54:K59) -> 0
E62: Employee Costs (such as for Summer Camp) -
E63: Payroll | G63: 7009
E64: Social Security Taxes | G64: 7201
E65: Taxes | G65: 7205
E66: Other Professional Services (drug testing) | G66: 7303
E67: Contract employees | G67: 8103
E69: Total Employee Costs | I69: =SUM(I63:I68) -> 0 | J69: =SUM(J63:J68) -> 0 | K69: =SUM(K63:K68) -> 0
E71: Sanitation Rentals - 8409
E72: Port-o-lets (per Port-o-let) | G72: 8409
E73: Port-o-lets Pump Out (per Port-o-let) | G73: 8409
E74: Dumpsters at TK (per Dumpster) | G74: 8409 | H74: 450 | K74: 450 | L74: TK: Dumpsters are required for events over 500 people.
E75: Dumpsters at OK (per Dumpster) | G75: 8409 | H75: 300 | L75: OK: Dumpsters are required for events over 200 people.
E76: Dumpsters at Ahbalufa | G76: 8409 | H76: 85 | L76: AB: Dumpsters required for all events.
E77: Shower House (per Shower House) | G77: 8409
E78: Shower House Pump Out (per Shower House) | G78: 8409
E79: Total Sanitation Rental | I79: =SUM(I72:I78) -> 0 | J79: =SUM(J72:J78) -> 0 | K79: =SUM(K72:K78) -> 450
E81: Health and Safety Supplies - 8101
E82: Bandages | G82: 8101
E83: OTC medicinals | G83: 8101
E85: Total Health and Safety Supplies | I85: =SUM(I82:I84) -> 0 | J85: =SUM(J82:J84) -> 0 | K85: =SUM(K82:K84) -> 0
E87: Program Supplies - 8103 (list individually)
G88: 8103
G89: 8103
G90: 8103
G91: 8103
G92: 8103
G93: 8103
G94: 8103
G95: 8103
E96: Lost Arrows | G96: 8103 | H96: 5
E97: Rifle Ammunition (.22 cal. per round) | G97: 8103 | H97: 0.2
E98: Shotgun Shells/Clays (per round) | G98: 8103 | H98: 0.75
E99: Other | G99: 8103
E100: Total Program Supplies | I100: =SUM(I88:I99) -> 0 | J100: =SUM(J88:J99) -> 0 | K100: =SUM(K88:K99) -> 0
E102: Cost of Meals - 8104
E103: Breakfast | G103: 8104 | I103: =SUM(I35*H103) -> 0 | J103: =SUM(J35*H103) -> 0 | K103: =SUM(K35*H103) -> 0
E104: Lunch | G104: 8104 | I104: =SUM(I35*H104) -> 0 | J104: =SUM(J35*H104) -> 0 | K104: =SUM(K35*H104) -> 0
E105: Dinner | G105: 8104 | I105: =SUM(I35*H105) -> 0 | J105: =SUM(J35*H105) -> 0 | K105: =SUM(K35*H105) -> 0
E106: Cracker Barrel | G106: 8104 | I106: =SUM(I35*H106) -> 0 | J106: =SUM(J35*H106) -> 0 | K106: =SUM(K35*H106) -> 0
E107: Snacks | G107: 8104 | I107: =SUM(I35*H107) -> 0 | J107: =SUM(J35*H107) -> 0 | K107: =SUM(K35*H107) -> 0
E108: Consultation Fee - if you are bringing your own chef | G108: 8104 | H108: 250 | I108: 0 | J108: 0 | K108: 0
G109: 8104 | I109: =SUM(I10*H109) -> 0 | J109: =SUM(J10*H109) -> 0 | K109: =SUM(K10*H109) -> 0
G110: 8104 | I110: =SUM(I103:I109) -> 0 | J110: =SUM(J103:J109) -> 0 | K110: =SUM(K103:K109) -> 0
E112: Meeting Meals - 8803
I113: =+I112 -> 0 | J113: =+J112 -> 0 | K113: =+K112 -> 0
E115: Office Supplies
E116: Paper | G116: 8106
...

Sheet 4. Tentaroo Event Info Form
A1: Tentaroo Event Information Form
A2: Name of the Event | B2: ='1. START HERE Event Fact Sheet'!B2 -> 0
A3: Dates of the Event | B3: ='1. START HERE Event Fact Sheet'!B3 -> 0 | C3: To | D3: ='1. START HERE Event Fact Sheet'!D3 -> 0
A4: Location of the Event | B4: ='1. START HERE Event Fact Sheet'!B4 -> Tanah Keeta
A5: Time | B5: ='1. START HERE Event Fact Sheet'!B5 -> 0 | C5: To | D5: ='1. START HERE Event Fact Sheet'!D5 -> 0
A7: Registration Start Date | B7: 46204 | C7: at 12:00 a.m.
A8: Early Bird Registration End Date | B8: 46264 | C8: at 12:00 a.m.
A9: Base Registration End Date | B9: 46295 | C9: at 12:00 a.m.
A10: Late Registration End Date | B10: registration closes 7 days before the event
A11: Allow Reductions Until Date | C11: at 12:00 a.m.
A13: Participant Types
A14: Participant Type | B14: Early Rate | C14: Reg Rate | D14: Late Rate | E14: Youth or Adult?
A15: Weekend | B15: 40 | C15: 50 | D15: 60 | E15: Youth
A16: Day | B16: 25 | C16: 30 | D16: 35 | E16: Youth
A17: Weekend | B17: 40 | C17: 50 | D17: 60 | E17: Adult
A18: Day | B18: 20 | C18: 25 | D18: 30 | E18: Adult
A21: Information to Collect on Registration
A22: Include only what information the event NEEDS. Including additional information makes registration difficult on the unit level
B23: Youth | C23: Adult | D23: Required?
A24: Show Shirt Size? | E24: only require if the event is providing shirts for all
A25: Show Gender? | E25: helpful if the event is arranging lodging
A26: Youth Protection Date | B26: N/A | E26: Two registered adult leaders 21 years of age or over are required at all Scouting activities
A27: Show Phone Number? | E27: can only require for adults
A28: Show Grade? | C28: N/A
A29: Emergency Contact?
A30: Show Allergies, Dietary Restrictions? | E30: helpful if event is providing alternate menu, otherwise this info is on health forms
A31: Show Address? | E31: if the event is doing mailings
A32: Show Event Registration Notes?
A33: Require Date of Birth? | E33: helpful if the event is arranging lodging
A34: Require Email? | E34: note that you can send emails to the groups attending thru tentaroo.
A35: Require Rank? | C35: N/A | E35: helpful for events that divide into dens, i.e. Cubs
A36: Show Unit Position? | B36: N/A
A37: Show Unit Leader?
A38: Show Allow Photography? | B38: TRUE | C38: N/A | E38: required
A39: Show Notes for Special Needs?
A40: Show BALOO Training Date | B40: N/A | E40: each Pack should provide at least one BALOO trained leader for outings
A41: Show Basic Training Date | B41: N/A
A43: Product Information
A44: Use this section for any products available for pre-order before the event
A45: Product Name | B45: Price | C45: Description
A50: Revised: March 2026

Sheet 5. Marketing Form
A1: Marketing Form
A2: Name of the Event | B2: ='1. START HERE Event Fact Sheet'!B2 -> 0
A3: Dates of the Event | B3: ='1. START HERE Event Fact Sheet'!B3 -> 0 | C3: To | D3: ='1. START HERE Event Fact Sheet'!D3 -> 0
A4: Location of the Event | B4: ='1. START HERE Event Fact Sheet'!B4 -> Tanah Keeta
A5: Registration Link
A7: The Gulf Stream Council Marketing Team reserves the right to edit, approve, or decline any posts to fit within the BSA Brand Identity Policies. For questions, please contact your staff advisor.
A8: Content #1
A9: Content Type (drop-down) | B9: Facebook Event
A10: if other, specify:
A11: Author
A12: Author Email
A14: Text
A17: Publishing frequency (drop-down) | B17: weekly starting on:
A18: Date
A20: Target (drop-down) | B20: Other
A21: if other, specify:
A22: Notes to the Editor
A25: Include graphics when submitting this form to your staff advisor.
A27: Content #2
A28: Content Type (drop-down)
A29: if other, specify:
A30: Author
A31: Author Email
A33: Text
A36: Publishing frequency (drop-down)
A37: Date
A39: Target (drop-down)
... A84: Revised: March 2026
